 Dungeon Crawl Stone Soup version 0.31-a0-986-g5e6e4ef867 (webtiles) character file.

Game seed: 11312721557876588062

3 sokol815 the Poker (level 1, -3/14 HPs)
             Began as an Octopode Gladiator on Nov 12, 2023.
             Slain by a gnoll
             ... wielding a +0 spear
              (5 damage)
             ... on level 1 of the Dungeon.
             The game lasted 00:00:18 (75 turns).

sokol815 the Poker (Octopode Gladiator)               Turns: 75, Time: 00:00:19

Health: -3/14      AC:  1    Str: 13    XL:     1   Next: 50%
Magic:  1/1        EV: 13    Int: 10    God:
Gold:   0          SH:  0    Dex: 13    Spells: 0/0 levels left

rFire   . . .        a - +0 trident
rCold   . . .        (no shield)
rNeg    . . .        b - +0 hat
rPois   .            (no amulet)
rElec   .            (no ring)
rCorr   .            (no ring)
SInv    .            (no ring)
Will    .....        (no ring)
Stlth   ++           (no ring)
HPRegen 0.22/turn    (no ring)
MPRegen 0.07/turn    (no ring)
                     (no ring)

%: no passive effects
@: no status effects
A: almost no armour, amphibious, 8 rings, camouflage 1, gelatinous body 1,
(nimble swimmer 1), tentacles
a: no special abilities


You were on level 1 of the Dungeon.
You visited 1 branch of the dungeon, and saw 1 of its levels.

Inventory:

Hand Weapons
 a - a +0 trident (weapon)
Missiles
 c - 3 throwing nets {!d}
 d - a javelin
Armour
 b - a +0 hat (worn)
Potions
 e - a potion of might {unknown}


   Skills:
 + Level 2.1 Fighting
 * Level 3.1 Polearms
 - Level 2.0 Throwing
 - Level 3.0 Dodging


You couldn't memorise any spells.
You didn't know any spells.
Your spell library was empty.

Dungeon Overview and Level Annotations

Branches:
Dungeon (1/15) Zot: 5922

Altars:


Innate Abilities, Weirdness & Mutations

You cannot wear most types of armour.
You are amphibious.
You can wear up to eight rings at the same time.
Your skin changes colour to match your surroundings (Stealth+).
Your rubbery body absorbs attacks. (AC +1, EV +1)
((You are camouflaged when in or above water. (Stealth+)))
You have tentacles for arms and can constrict up to eight enemies at once.


Message History

Bad channel name 'Jiyva says' for runrest: 'Jiyva says: Divide and consume' Welcome, sokol815 the Octopode Gladiator.
A smirking vizier told you that the Orb of Zot is just within this dungeon.
Found a deep dwarf skeleton.
Found a staircase leading out of the dungeon.
Setting a skill training target for Polearms at 14.0.
There is an abandoned shop here.
e - a silvery potion You see here a deep dwarf skeleton.
A goblin comes into view. It is wielding a +0 club.
The goblin shouts!
You throw a javelin. The javelin pierces through the goblin!
You kill the goblin!
No target in view!
Clearing quiver.
Found a stone staircase leading down.
A giant cockroach comes into view.
You hit the giant cockroach but do no damage.
You grab the giant cockroach.
You constrict the giant cockroach, but do no damage.
The giant cockroach bites you but does no damage.
The giant cockroach misses you.
You hit the giant cockroach. You constrict the giant cockroach.
The giant cockroach barely misses you.
You hit the giant cockroach but do no damage.
You constrict the giant cockroach.
You kill the giant cockroach!
No target in view!
Found a stone staircase leading down.
d - a javelin A kobold comes into view. It is wielding a +0 dagger.
The kobold shouts!
An endoplasm comes into view.
A gnoll comes into view. It is wielding a +0 spear.
A dart slug comes into view.
You reach to attack!
You closely miss the kobold. The kobold hits you but does no damage.
You miss the kobold.
The gnoll shouts!
You grab the kobold. Your squeeze misses the kobold.
You constrict the kobold, but do no damage.
The kobold hits you with a +0 dagger.
You take 1 damage, and have 13/14 hp.
You puncture the kobold!
You kill the kobold!
Health restored: 14 The gnoll attacks as it pursues you!
The gnoll hits you from afar with a +0 spear!
Ouch! That really hurt!
The endoplasm attacks as it pursues you!
The endoplasm hits you.
You take 9 damage, and have 5/14 hp.
MASSIVE DAMAGE!!
The endoplasm attacks as it pursues you!
The endoplasm closely misses you. The gnoll attacks as it pursues you!
The gnoll misses you. The gnoll attacks as it pursues you!
The gnoll hits you from afar with a +0 spear.
* * * LOW HITPOINT WARNING * * *
You take 5 damage, and have 1/14 hp.
MASSIVE DAMAGE!!
The endoplasm attacks as it pursues you!
The endoplasm misses you.
There is a stone staircase leading down here.
The endoplasm closely misses you.
The gnoll hits you from afar with a +0 spear.
You die...

#....# #....### #
#....+.#.### .#
#....#.#.>.. .
#.........## . #
#......#.... .# ..
######......#.#.###.#$#
#....†....###.#.......##
#.......@J###.#........#
#........#g##.#..).$#
##...).......w.w..#.....#
###.........#.###.#.#
....# #...#######.#.#
#..... ...# #...# #.###
###+##.#.## ######...##
#.# ..# #∩∩##....∩## #.#
## .........[.# #.#


You could see a gnoll, a dart slug and an endoplasm.

Vanquished Creatures
  A giant cockroach (D:1)
  A goblin (D:1)
  A kobold (D:1)
3 creatures vanquished.

Notes
Turn   | Place    | Note
-------+----------+-------------------------------------------
     0 | D:1      | sokol815 the Octopode Gladiator began the quest for the
                  | Orb.
     0 | D:1      | Reached XP level 1. HP: 14/14 MP: 1/1
    72 | D:1      | HP: 1/14 [gnoll/+0 spear (5)]
    75 | D:1      | Slain by a gnoll

Illustrated notes

Levels and vault maps discovered:
D:1:      amcnicky_arrival_abandoned_market, layout_basic

Action                     || total
---------------------------++-------
  Melee: Trident           ||     6
         Constrict         ||     2
  Throw: Javelin           ||     1
 Armour: Skin              ||     7
  Dodge: Dodged            ||     6

Table legend: (Time is in decaauts)
 A = Elapsed time spent in this place.
 B = Non-inter-level travel time spent in this place.
 C = Inter-level travel time spent in this place.
 D = Time resting spent in this place.
 E = Time spent auto-exploring this place.
 F = Levels seen in this place.
 G = Mean time per level.
                   A        B        C        D        E       F      G
               +--------+--------+--------+--------+--------+-----+--------+
         Total |     76 |     76 |      0 |      0 |     48 |   1 |   76.0 |
       Dungeon |     76 |     76 |      0 |      0 |     48 |   1 |   76.0 |
               +--------+--------+--------+--------+--------+-----+--------+

Top non-repeatable levels by time:
     D:1: 76 daAuts

Levels and vault maps discovered:
D:1:      amcnicky_arrival_abandoned_market, layout_basic

Table legend: (Time is in decaauts)
 A = Elapsed time spent in this place.
 B = Non-inter-level travel time spent in this place.
 C = Inter-level travel time spent in this place.
 D = Time resting spent in this place.
 E = Time spent auto-exploring this place.
 F = Levels seen in this place.
 G = Mean time per level.
                   A        B        C        D        E       F      G
               +--------+--------+--------+--------+--------+-----+--------+
         Total |     76 |     76 |      0 |      0 |     48 |   1 |   76.0 |
       Dungeon |     76 |     76 |      0 |      0 |     48 |   1 |   76.0 |
               +--------+--------+--------+--------+--------+-----+--------+

Top non-repeatable levels by time:
     D:1: 76 daAuts

Table legend:
 A = Kills in this place as a percentage of kills in the entire game.
 B = Kills by you in this place as a percentage of kills by you in the entire game.
 C = Kills by friends in this place as a percentage of kills by friends in the entire game.
 D = Other kills in this place as a percentage of other kills in the entire game.
 E = Experience gained in this place as a percentage of experience gained in the entire game.
 F = Experience gained in this place divided by the number of levels of this place that you have seen.
                   A       B       C       D       E      F
               +-------+-------+-------+-------+-------+----------------------
         Total | 100.0 | 100.0 |   N/A |   N/A | 100.0 |   5.0
       Dungeon | 100.0 | 100.0 |   N/A |   N/A | 100.0 |   5.0
               +-------+-------+-------+-------+-------+----------------------
